 Dungeon Crawl Stone Soup version 0.27.1-1-g398f81649c (webtiles) character file.

Game seed: 168512493250513376

215 safid the Chopper (level 5, 0/47 HPs)
             Began as a Hill Orc Fighter on Sept 7, 2021.
             Slain by an orc priest (2 damage)
             ... on level 3 of the Dungeon.
             The game lasted 00:03:14 (1736 turns).

safid the Chopper (Hill Orc Fighter)                Turns: 1736, Time: 00:03:15

Health: 0/47       AC:  7    Str: 20    XL:     5   Next: 92%
Magic:  5/5        EV:  7    Int:  8    God:
Gold:   91         SH:  9    Dex: 10    Spells: 4/4 levels left

rFire    . . .     SeeInvis .   a - +0 war axe
rCold    . . .     Faith    .   c - +0 kite shield
rNeg     + . .     Spirit   .   b - +0 scale mail
rPois    .         Reflect  .   (no helmet)
rElec    .         Harm     .   (no cloak)
rCorr    .         Rampage  .   (no gloves)
Will     .....                  (no boots)
Stlth    ..........             (no amulet)
HPRegen  0.15/turn              f - ring of positive energy
MPRegen  0.09/turn              (no ring)

@: no status effects
A: no striking features
a: Convert to Beogh


You were on level 3 of the Dungeon.
You visited 1 branch of the dungeon, and saw 3 of its levels.

You collected 91 gold pieces.

Inventory:

Hand Weapons
 a - a +0 war axe (weapon)
 h - a +0 hand axe of electrocution
Missiles
 e - 15 poisoned darts (quivered)
Armour
 b - a +0 scale mail (worn)
 c - a +0 kite shield (worn)
Jewellery
 f - a ring of positive energy (left hand)
Scrolls
 d - a scroll of noise {unknown}
 g - a scroll of magic mapping {unknown}
 i - 2 scrolls of identify {unknown}
 j - 3 scrolls of immolation {unknown}


   Skills:
 + Level 4.6 Fighting
 + Level 5.2 Axes
 + Level 4.6 Armour
 + Level 4.1 Shields


You had 4 spell levels left.
You didn't know any spells.
Your spell library was empty.

Dungeon Overview and Level Annotations

Branches:
Dungeon (3/15)

Altars:

Shops:
D:1 :


Message History

The orc hits you but does no damage. You block the orc priest's attack.
You barely miss the orc.
The orc is heavily wounded.
You closely miss the orc priest.
The orc priest shouts, "Beogh is our master!
Accept the truth or die!"
The orc hits you with a +0 flail. The orc priest barely misses you.
The orc hits you but does no damage.
You barely miss the orc.
The orc is heavily wounded.
You hit the orc priest.
The orc priest hits you but does no damage.
The orc hits you but does no damage.
The orc priest hits you with a +0 hand axe of freezing.
The orc priest freezes you.
You closely miss the orc.
The orc is heavily wounded.
You slash the orc priest! The orc barely misses you.
The orc priest hits you with a +0 hand axe of freezing.
The orc priest freezes you. You block the orc's attack.
You barely miss the orc priest.
The orc priest is almost dead.
You slash the orc!
You kill the orc!
The orc priest invokes the aid of Beogh against you.
Beogh smites you!
* * * LOW HITPOINT WARNING * * *
The orc priest mumbles some strange prayers to Beogh against you.
Beogh smites you!
* * * LOW HITPOINT WARNING * * *
You are too injured to fight recklessly!
You are too injured to fight recklessly!
You are too injured to fight recklessly!
You are too injured to fight recklessly!
Unknown command.
You are too injured to fight recklessly!
You are too injured to fight recklessly!
You barely miss the orc priest.
The orc priest is almost dead.
The orc priest hits you with a +0 hand axe of freezing.
You die...

#..............
#.......##.#.###...
#.......+...........
#.......##......:...
.......)##.#..##...
...#...###.#..##.##
..................#
.......###.#.†##.##.#...
..........†....)@)......
......#.##.#..)).o..####
......#.##.....#.####
......#.##...###.#
...........#.# #+#
......#.##.#.# .
......#....###....
......####........
......# #....####


You could see an orc priest.

Vanquished Creatures
  Sigmund (D:3)
  An adder (D:3)
  A worm (D:3)
  2 dart slugs (D:1)
  4 orcs (D:3)
  6 ball pythons (D:1)
  An endoplasm (D:1)
  2 giant cockroaches (D:1)
  4 goblins (D:1)
  2 hobgoblins
  2 jackals (D:3)
  2 quokkas (D:1)
  3 bats
  4 frilled lizards (D:1)
  2 kobolds
  4 rats
41 creatures vanquished.

Vanquished Creatures (others)
  2 fungi (D:1)
2 creatures vanquished.

Grand Total: 43 creatures vanquished

Notes
Turn   | Place    | Note
-------+----------+-------------------------------------------
     0 | D:1      | safid the Hill Orc Fighter began the quest for the Orb.
     0 | D:1      | Reached XP level 1. HP: 19/19 MP: 1/1
   271 | D:1      | Reached XP level 2. HP: 27/27 MP: 2/2
   333 | D:1      | Found Feoddakh's Book Boutique.
   340 | D:1      | Reached skill level 3 in Axes
   595 | D:1      | Reached XP level 3. HP: 28/33 MP: 3/3
   821 | D:1      | Found a faded altar of an unknown god.
  1520 | D:3      | Noticed Sigmund
  1530 | D:3      | Killed Sigmund
  1531 | D:3      | Reached skill level 5 in Axes
  1531 | D:3      | Reached XP level 4. HP: 22/41 MP: 4/4
  1531 | D:3      | Reached XP level 5. HP: 26/47 MP: 5/5
  1735 | D:3      | HP: 2/47 [orc priest/divine providence (10)]
  1736 | D:3      | Slain by an orc priest

Illustrated notes

Levels and vault maps discovered:
D:1:      minmay_arrival_four_circles, layout_rooms,
          shapermc_ecumenical_altar_gd, serial_shops, shop,
          minmay_shallow_snake_nest
D:2:      layout_basic
D:3:      layout_basic, uniq_jessica, uniq_sigmund

Skill      XL: |  1  2  3 |
---------------+----------+-----
Axes           | 3 5 |  5.2
Fighting       | 4 |  4.6
Armour         | 4 |  4.6
Shields        | 4 |  4.1

Action                   |  1- 3 |  4- 6 || total
-------------------------+-------+-------++-------
Melee: War axe           |    92 |    22 ||   114
  Use: Potion            |     1 |       ||     1
Armor: Scale mail        |    54 |     8 ||    62
Dodge: Dodged            |    25 |     4 ||    29
Block: Kite shield       |    45 |    10 ||    55
